 Dungeon Crawl Stone Soup version 0.17-a0-1532-g2de063d (webtiles) character file.

48 Malak the Caller (level 3, 0/19 HPs)
             Began as a Deep Elf Summoner on July 16, 2015.
             Shot with a sling bullet by a hobgoblin (1 damage)
             ... on level 3 of the Dungeon.
             The game lasted 00:15:10 (1688 turns).

Malak the Caller (Deep Elf Summoner)                Turns: 1688, Time: 00:15:10

Health: 0/19       AC:  3    Str:  5    XL:     3   Next: 50%
Magic:  4/10       EV: 13    Int: 20    God:
Gold:   76         SH:  0    Dex: 15    Spells: 3 memorised, 4 levels left

rFire  . . .     SeeInvis .     j - -1 dagger (curse)
rCold  . . .     Clarity  .     a - +0 robe
rNeg   . . .     SustAt   .     (no shield)
rPois  +         Gourm    .     (no helmet)
rElec  .         Spirit   .     (no cloak)
rCorr  .         Warding  .     e - +0 pair of gloves
rMut   .         Stasis   .     (no boots)
MR     .....                    (no amulet)
Stlth  ++........               (no ring)
                                s - ring of poison resistance

@: not resistant to hostile enchantments, unstealthy
A: no striking features
a: no special abilities


You were on level 3 of the Dungeon.
You were not hungry.

You visited 1 branch of the dungeon, and saw 3 of its levels.

You collected 76 gold pieces.

Inventory:

Hand weapons
 d - a +0 club
 j - a cursed -1 dagger (weapon)
 l - a +0 short sword
Missiles
 h - a throwing net (quivered)
 i - 19 arrows
 u - 21 bolts
Armour
 a - a +0 robe (worn)
 e - a +0 pair of gloves (worn)
 v - a cursed +0 ring mail
Jewellery
 s - a ring of poison resistance (left hand)
Scrolls
 k - a scroll of recharging {unknown}
 m - 2 scrolls of immolation {unknown}
 n - a scroll of identify {unknown}
 o - 2 scrolls of enchant armour {unknown}
 q - 3 scrolls of remove curse {unknown}
 t - a scroll of noise {unknown}
Potions
 g - 4 potions of brilliance {unknown}
 p - 3 potions of curing {unknown}
Books
 b - a book of Callings

   Spells                             Type                      Level
   a - Summon Small Mammal            Summoning                    1
   b - Call Imp                       Summoning                    2
   c - Call Canine Familiar           Summoning                    3
   d - Summon Guardian Golem          Hexes/Summoning              3
   e - Summon Lightning Spire         Summoning/Air                4
   f - Summon Ice Beast               Ice/Summoning                4
Comestibles
 c - a bread ration
 f - 3 chunks of flesh
 r - a beef jerky


   Skills:
 + Level 2.8 Dodging
 + Level 2.6 Stealth
 + Level 4.0 Spellcasting
 + Level 5.0 Summonings


You had 4 spell levels left.
You knew the following spells:

 Your Spells              Type           Power        Failure   Level  Hunger
a - Summon Small Mammal   Summ           ###.         1%          1    None
b - Call Imp              Summ           ###.....     2%          2    #......
c - Call Canine Familiar  Summ           ###.....     6%          3    ###....


Dungeon Overview and Level Annotations

Branches:
Dungeon (3/15)

Altars:
Yredelemnul


Message History

The goblin dies!
Something barely misses your hound. Something completely misses your hound.
The hobgoblin wields a hunting sling.
The hobgoblin shoots a sling bullet.
The sling bullet hits your quokka.
Your quokka dies!
Your quokka's corpse disappears in a puff of smoke!
What do you say? t - Shout!
Orders for allies: a - Attack new target. r - Retreat! s - Stop attacking. w - Wait here. f - Follow me.
Anything else - Stay silent.
Gang up on whom?
Press: ? - help, Dir - move target cursor, f - hobgoblin
Aim: a hobgoblin, wielding a hunting sling Attack!
The hobgoblin shoots a sling bullet.
The sling bullet closely misses your crimson imp.
The sling bullet hits you.
You die...

≈≈....≈≈≈≈≈≈≈≈≈≈≈
......≈≈≈≈≈≈.≈..≈
..............
..g.........
#g......# +.(....#
#(g)..## ###5h...#
#@(...(.######
#55..........#
#...(..÷<....###
###............+
........#......##
.........#......#
.........#......#
......####........
...... ####+#.#.


You could see a hobgoblin, a friendly hound and 3 friendly crimson imps.

Vanquished Creatures
  A goblin (D:1)
  A bat (D:1)
  2 kobolds (D:1)
4 creatures vanquished.

Vanquished Creatures (collateral kills)
  4 adders
  A giant gecko (D:2)
  3 giant cockroaches
  6 hobgoblins
  4 kobolds
  5 bats
  A giant newt (D:1)
  6 goblins
  4 jackals (D:1)
  6 rats
40 creatures vanquished.

Grand Total: 44 creatures vanquished

Notes
Turn   | Place    | Note
--------------------------------------------------------------
     0 | D:1      | Malak the Deep Elf Summoner began the quest for the Orb.
     0 | D:1      | Reached XP level 1. HP: 10/10 MP: 6/6
   196 | D:1      | Reached XP level 2. HP: 13/15 MP: 2/8
   225 | D:1      | Learned a level 2 spell: Call Imp
   988 | D:2      | Found a basalt altar of Yredelemnul.
  1214 | D:2      | Reached XP level 3. HP: 16/19 MP: 3/10
  1236 | D:2      | Learned a level 3 spell: Call Canine Familiar
  1292 | D:2      | Reached skill level 5 in Summonings
  1688 | D:3      | Shot with a sling bullet by a hobgoblin

Vault maps used:
D:1:      tarquinn_simple_flora_water_f
D:2:      yredelemnul_altar_generic
D:3:      minmay_goblin_kobold_castle, uniq_grinder

Action                   || total
-------------------------++-------
Melee: Club              ||     4
       Dagger            ||    14
 Cast: Summon Small Mamm ||    21
       Call Imp          ||    24
       Call Canine Famil ||     3
  Eat: Chunk             ||     3
